AoeStats
← danjo

Migration

506357572Analyzed
1v1 RM · 20d ago on Sep 13, 2026· 32m 23s· 2 players
Game mode
Random Map
Map size
132×132
Population
200
Speed
Normal
Resources
Standard
Victory
Conquest
Starting age
Dark Age
Ending age
Imperial Age
RankedLock teamsTeams togetherTeam positionsShared explorationLock speedFull tech treeHidden civsTurbo modeCheats
Victory
Defeat
🇩🇪 Dravidians · Germany
1073
+15
🇦🇺 Japanese · Australia
1056
-15
TonyPeroni
0:28 Loom
13:10 Feudal Age
14:37 Double-Bit Axe
14:41 Fishing Lines
15:37 Town Watch
19:32 Castle Age
17:31 Gold Mining
18:30 Stone Mining
19:45 Fletching
20:51 Wheelbarrow
24:10 Bow Saw
24:45 Ballistics
24:44 Guard Tower
26:00 Treadmill Crane
27:39 Fervor
danjo
10:45 Feudal Age
15:46 Castle Age
16:42 Medium Warships
19:30 Loom
21:20 Double-Bit Axe
21:29 Stone Mining
21:47 Gold Mining
23:05 Fishing Lines
24:31 Gillnets
29:29 Imperial Age
27:33 Scale Mail Armor
28:39 Forging
29:24 Chain Mail Armor
30:07 Fletching
31:03 Iron Casting
31:30 Chemistry
31:00 Bodkin Arrow
31:30 Elite Urumi Swordsman
31:43 Elite Cannon Galleon
Connection lost

Rejoining the realm…

Still unreachable

The connection could not be restored.

Session expired

The server has moved on; the page needs a fresh start.